 Dungeon Crawl Stone Soup version 0.21-a0-314-gb3271ec (webtiles) character file.

19601 vatarom the Quickloader (level 12, -2/142 HPs)
             Began as a Gnoll Hunter on Sept 29, 2017.
             Was a High Priest of Dithmenos.
             Slain by Urug
             ... wielding a +5 scimitar
              (8 damage)
             ... on level 2 of the Lair of Beasts.
             The game lasted 00:33:00 (14782 turns).

vatarom the Quickloader (Gnoll Hunter)             Turns: 14782, Time: 00:33:00

Health: -2/142     AC: 13    Str: 25    XL:     12   Next: 70%
Magic:  32/32      EV: 18    Int: 17    God:    Dithmenos [*****.]
Gold:   963        SH:  0    Dex: 18    Spells: 10/26 levels left

rFire    + + .     SeeInvis .   a - +2 trident (vamp)
rCold    + . .     Gourm    +   (no shield)
rNeg     . . .     Faith    .   O - +2 leather armour {rF+}
rPois    .         Spirit   .   l - +1 helmet
rElec    .         Reflect  .   L - scarf {rC+ rF+}
rCorr    .         Harm     .   y - +2 pair of gloves
MR       .....                  (no boots)
Stlth    ..........             C - amulet of the gourmand
HPRegen  0.33/turn              g - ring of magical power
MPRegen  0.23/turn              u - +2 ring of intelligence

@: berserking, wreathed by umbra, very quick
A: distributed training, fangs 1, thin skeletal structure 1, yellow scales 1,
strong 1, strong nose
a: Shadow Step, Shadow Form, Renounce Religion


You were on level 2 of the Lair of Beasts.
You worshipped Dithmenos.
Dithmenos was extremely pleased with you.
You were not hungry.

You visited 3 branches of the dungeon, and saw 14 of its levels.
You also visited: Ossuary and Volcano.

You collected 963 gold pieces.

Inventory:

Hand Weapons
 a - a +2 vampiric trident (weapon)
 b - a +0 short sword
 N - the +3 arbalest of the Sky {speed, +Blink Str+3 Dex+3 Stlth+}
   (You acquired it on level 2 of the Lair of Beasts)

   Attacks with this weapon are significantly faster.
   It affects your strength (+3).
   It affects your dexterity (+3).
   It lets you blink.
   It makes you more stealthy.
Missiles
 h - 3 bolts
 R - 3 throwing nets (quivered)
Armour
 l - a +1 helmet (worn)
 y - a +2 pair of gloves (worn)
 H - a +0 buckler
 L - a scarf of resistance (worn)
 O - a +2 leather armour of fire resistance (worn)
Jewellery
 f - an uncursed ring of resist corrosion
 g - a ring of magical power (left hand)
 u - a +2 ring of intelligence (right hand)
 C - an amulet of the gourmand (around neck)
 G - an uncursed amulet of guardian spirit
Wands
 x - a wand of scattershot (0/9)
 K - a wand of acid (6/15)
Scrolls
 d - 8 scrolls of teleportation
 e - 5 scrolls of identify
 i - 2 scrolls of magic mapping
 n - 2 scrolls of remove curse
 q - 4 scrolls of amnesia
 r - a scroll of random uselessness
 t - 2 scrolls of enchant weapon
 A - 2 scrolls of blinking
 E - 2 scrolls of vulnerability
 F - a scroll of fear
 I - a scroll of enchant armour
Potions
 c - a potion of flight
 m - a potion of might
 o - a potion of lignification
 s - a potion of ambrosia
 v - 4 potions of brilliance
 w - 3 potions of invisibility
 z - 2 potions of resistance
 B - a potion of magic
 Q - a potion of curing
Books
 J - a book of Beasts

   Spells                             Type                      Level
   a - Summon Butterflies             Summoning                    1
   b - Call Canine Familiar           Summoning                    3
   c - Summon Ice Beast               Ice/Summoning                4
   d - Summon Mana Viper              Hexes/Summoning              5
   e - Summon Hydra                   Summoning                    7
 M - a book of Enchantments

   Spells                             Type                      Level
   a - Cause Fear                     Hexes                        4
   b - Yara's Violent Unravelling     Hexes/Transmutation          5
   c - Silence                        Hexes/Air                    5
   d - Deflect Missiles               Charms/Air                   6
   e - Discord                        Hexes                        8
Comestibles
 j - 29 fruits
 k - 2 royal jellies
 p - 3 meat rations
 P - a bread ration


   Skills:
 + Level 9.0 Fighting
 + Level 6.7 Short Blades
 + Level 6.0 Long Blades
 + Level 6.4 Axes
 + Level 7.8 Maces & Flails
 + Level 7.4 Polearms
 + Level 7.4 Staves
 + Level 7.7 Slings
 + Level 7.0 Bows
 + Level 11.3 Crossbows
 + Level 6.4 Throwing
 + Level 6.8 Armour
 + Level 8.1 Dodging
 + Level 7.5 Stealth
   Level 0.0 Stabbing
 + Level 6.3 Shields
   Level 0.0 Traps
 + Level 6.7 Unarmed Combat
 + Level 7.5 Spellcasting
 + Level 8.0 Conjurations
 + Level 7.0 Hexes
 + Level 7.5 Charms
 + Level 6.4 Summonings
 + Level 7.1 Necromancy
 + Level 6.4 Translocations
 + Level 7.2 Transmutations
 + Level 8.0 Fire Magic
 + Level 7.1 Ice Magic
 + Level 8.2 Air Magic
 + Level 6.8 Earth Magic
 + Level 7.0 Poison Magic
 + Level 8.0 Invocations
 + Level 6.7 Evocations


You had 10 spell levels left.
You knew the following spells:

 Your Spells              Type           Power        Failure   Level  Hunger
a - Spectral Weapon       Hex/Chrm       ####....     1%          3    ##.....
b - Regeneration          Chrm/Necr      ####......   1%          3    ##.....
c - Summon Mana Viper     Hex/Summ       ####....     22%         5    #####..
d - Yara's Violent Unrav  Hex/Tmut       ####......   19%         5    #####..


Dungeon Overview and Level Annotations

Branches:
Dungeon (11/15)            Temple (1/1) D:5            Lair (2/6) D:9
 Spider (0/4) Lair:2
  Swamp: Lair:2-4    Shoals: Lair:2-4       Orc: D:9-12

Altars:
Ashenzari
Cheibriados
Dithmenos
Elyvilon
Fedhas
Gozag
Hepliaklqana
Kikubaaqudgha
Makhleb
Nemelex Xobeh
Okawaru
Qazlal
Ru
Sif Muna
Trog
Uskayaw
Vehumet
Wu Jian
Xom
Yredelemnul
Zin
The Shining One

Shops:
D:4 %

Annotations:
D:5 2 transporters
Lair:2 Urug; minicreteconcrete's ghost, adept GnFE


Innate Abilities, Weirdness & Mutations

Your experience applies equally to all skills.
You have very sharp teeth.
Your uncanny sense of smell can sniff out nearby items.
You have a somewhat thin skeletal structure. (Dex +2, Stealth)
You are partially covered in yellow scales. (AC +2)
Your muscles are strong. (Str +2)


Message History

Your shadow barely misses the komodo dragon.
The komodo dragon barely misses you.
Urug hits you with an enchanted scimitar!
* * * LOW HITPOINT WARNING * * *
You puncture the komodo dragon! You bite the komodo dragon.
You kill the komodo dragon!
Dithmenos accepts your kill.
Your Fighting skill increases to level 9!
Your Hexes skill increases to level 7!
You puncture Urug!
Urug is severely wounded.
Urug hits you with an enchanted scimitar.
* * * LOW HITPOINT WARNING * * *
You hit Urug. Your punch misses Urug.
Urug is severely wounded.
You puncture Urug!
Urug is almost dead.
Your shadow closely misses Urug.
Urug hits you with an enchanted scimitar!
You die...

..........((.........
...........(..........#
............(..........
.......................
....#...#.....(........ #..
#.#................
#.####.....(...........
#.#...#.÷..(.(.(o......
##.#.<.#........@....... .....
#......#......#......... ......
...#..##....(#.......#.. ..#...
..#.).#P................ .....
..#...#.........#..#...... ##...
##....#................#..###....
##...#...........................
#....#...........................
...##....§§§...............P.....


You could see Urug.

Vanquished Creatures
  Harold (Lair:2)
  2 hydras
  The ghost of Maldoror the Fighter, a journeyman GnWn of Okawaru (D:10)
  Erica (Lair:2)
  6 two-headed ogres
  The ghost of Goblin1989 the Cruncher, a novice GnGl of Okawaru (D:8)
  An orange crystal statue (D:11)
  Pikel (D:8)
  2 ugly things (Volcano)
  A smoke demon (Volcano)
  A komodo dragon (Lair:2)
  3 trolls
  A red devil (Volcano)
  3 hippogriffs
  A redback (Lair:2)
  2 wyverns
  Eustachio (D:5)
  A basilisk (Lair:2)
  2 water moccasins
  2 porcupines
  A hell hound (Volcano)
  4 orc warriors
  2 sky beasts (D:10)
  2 slaves (D:8)
  7 black bears
  An ice beast (D:11)
  4 ogres
  A wolf (Lair:2)
  A phantom (D:4)
  A necrophage (D:9)
  2 centaurs
  4 crocodiles
  3 elf zombies (Ossuary)
  2 big kobolds
  Blork the orc (D:4)
  12 bullfrogs
  A wyvern zombie (D:11)
  A water moccasin zombie (D:11)
  3 scorpions
  A jelly (D:9)
  10 killer bees
  6 wights
  3 howler monkeys
  A centaur zombie (Ossuary)
  7 crimson imps
  A bullfrog zombie (D:9)
  2 human zombies (Ossuary)
  4 hounds
  5 orc priests
  9 orc wizards
  3 centaur skeletons
  4 iguanas
  10 worker ants
  2 big kobold zombies (Ossuary)
  A hound zombie (D:9)
  2 hound skeletons
  3 mummies (Ossuary)
  A howler monkey zombie (D:8)
  A howler monkey skeleton (D:8)
  A worker ant zombie (D:11)
  4 gnolls (D:4)
  14 adders
  A shadow imp (D:5)
  2 oozes
  2 worms
  An adder skeleton (D:9)
  An adder zombie (Ossuary)
  2 dart slugs
  6 leopard geckos
  41 orcs
  3 ball pythons
  8 bats
  6 giant cockroaches
  10 goblins
  6 hobgoblins
  22 jackals
  2 quokkas
  4 frilled lizards
  6 goblin zombies (Ossuary)
  2 hobgoblin zombies (Ossuary)
  A jackal skeleton (D:4)
  2 jackal zombies (Ossuary)
  14 kobolds
  4 kobold zombies (Ossuary)
  A leopard gecko zombie (D:5)
  An orc zombie (Ossuary)
  2 quokka skeletons
  5 quokka zombies
  7 rats
  8 rat zombies (Ossuary)
  3 plants (D:9)
355 creatures vanquished.

Vanquished Creatures (collateral kills)
  2 spiny frogs (Lair:1)
  A crocodile (Lair:1)
3 creatures vanquished.

Vanquished Creatures (others)
  A slave (D:9)
  19 fungi (D:9)
  A plant (D:9)
21 creatures vanquished.

Grand Total: 379 creatures vanquished

Notes
Turn   | Place    | Note
-------+----------+-------------------------------------------
     0 | D:1      | vatarom the Gnoll Hunter began the quest for the Orb.
     0 | D:1      | Reached XP level 1. HP: 20/20 MP: 1/1
   278 | D:1      | Reached XP level 2. HP: 26/26 MP: 2/2
   467 | D:1      | Gained mutation: You are dopey. (Int -2) [potion of mutation]
   467 | D:1      | Gained mutation: You are partially covered in yellow scales. (AC +2) [potion of mutation]
   670 | D:1      | Reached skill level 1 in Conjurations
   670 | D:1      | Reached XP level 3. HP: 31/31 MP: 3/3
   934 | D:2      | Reached skill level 1 in Polearms
   957 | D:2      | Reached skill level 1 in Invocations
  1024 | D:2      | Reached skill level 1 in Evocations
  1065 | D:2      | Reached skill level 1 in Armour
  1080 | D:2      | Reached XP level 4. HP: 35/38 MP: 5/5
  1081 | D:2      | Reached skill level 1 in Long Blades
  1081 | D:2      | Reached skill level 1 in Slings
  1081 | D:2      | Reached skill level 1 in Bows
  1081 | D:2      | Reached skill level 1 in Summonings
  1103 | D:2      | Reached skill level 1 in Axes
  1103 | D:2      | Reached skill level 1 in Fire Magic
  1114 | D:2      | Reached skill level 5 in Dodging
  1114 | D:2      | Reached skill level 1 in Unarmed Combat
  1114 | D:2      | Reached skill level 1 in Spellcasting
  1114 | D:2      | Reached skill level 1 in Charms
  1114 | D:2      | Reached skill level 1 in Translocations
  1114 | D:2      | Reached XP level 5. HP: 11/43 MP: 6/6
  1452 | D:2      | Lost mutation: You are partially covered in yellow scales. (AC +2) [potion of mutation]
  1452 | D:2      | Lost mutation: You are dopey. (Int -2) [potion of mutation]
  1452 | D:2      | Gained mutation: Armour fits poorly on your strangely shaped body. [potion of mutation]
  1452 | D:2      | Gained mutation: You are agile. (Dex +2) [potion of mutation]
  1452 | D:2      | Gained mutation: You possess an exceptional clarity of mind. [potion of mutation]
  1452 | D:2      | Gained mutation: You are very agile. (Dex +4) [potion of mutation]
  1504 | D:2      | Reached skill level 1 in Hexes
  1525 | D:2      | Reached skill level 1 in Short Blades
  1929 | D:2      | Reached skill level 1 in Maces & Flails
  2101 | D:3      | Reached skill level 1 in Poison Magic
  2147 | D:3      | Reached skill level 1 in Air Magic
  2197 | D:3      | Reached skill level 1 in Staves
  2257 | D:3      | Reached skill level 1 in Earth Magic
  2332 | D:3      | Lost mutation: You possess an exceptional clarity of mind. [potion of mutation]
  2332 | D:3      | Lost mutation: You are very agile. (Dex +4) [potion of mutation]
  2332 | D:3      | Lost mutation: You are agile. (Dex +2) [potion of mutation]
  2332 | D:3      | Lost mutation: Armour fits poorly on your strangely shaped body. [potion of mutation]
  2332 | D:3      | Gained mutation: You occasionally shout uncontrollably at your foes. [potion of mutation]
  2332 | D:3      | Gained mutation: You are agile. (Dex +2) [potion of mutation]
  2379 | D:3      | Reached XP level 6. HP: 10/50 MP: 8/8
  3059 | D:4      | Noticed Blork the orc
  3063 | D:4      | Killed Blork the orc
  3063 | D:4      | Reached skill level 5 in Fighting
  3063 | D:4      | Reached skill level 1 in Transmutations
  3063 | D:4      | Reached skill level 1 in Ice Magic
  3108 | D:4      | Noticed a phantom
  3111 | D:4      | Killed a phantom
  3111 | D:4      | Reached skill level 9 in Crossbows
  3111 | D:4      | Reached skill level 1 in Shields
  3168 | D:4      | Reached XP level 7. HP: 37/56 MP: 10/10
  3305 | D:4      | Lost mutation: You are agile. (Dex +2) [potion of mutation]
  3305 | D:4      | Lost mutation: You occasionally shout uncontrollably at your foes. [potion of mutation]
  3305 | D:4      | Gained mutation: Your muscles are strong. (Str +2) [potion of mutation]
  3305 | D:4      | Gained mutation: You have a somewhat thin skeletal structure. (Dex +2, Stealth) [potion of mutation]
  3305 | D:4      | Gained mutation: You are partially covered in yellow scales. (AC +2) [potion of mutation]
  3311 | D:4      | Found Ilurerakk's Food Shoppe.
  3388 | D:4      | Reached skill level 1 in Throwing
  3388 | D:4      | Reached skill level 1 in Necromancy
  3838 | D:5      | Entered Level 5 of the Dungeon
  3873 | D:5      | Found a staircase to the Ecumenical Temple.
  3879 | Temple   | Entered the Ecumenical Temple
  3957 | Temple   | Became a worshipper of Dithmenos the Shadowed
  4182 | D:5      | Found a sand-covered staircase.
  4187 | Ossuary  | Entered an ossuary
  4269 | Ossuary  | Reached * piety under Dithmenos
  4360 | Ossuary  | Reached XP level 8. HP: 60/63 MP: 11/11
  4788 | D:5      | Learned a level 3 spell: Spectral Weapon
  4792 | D:5      | Learned a level 3 spell: Regeneration
  4835 | D:5      | Noticed Eustachio
  4892 | D:5      | Killed Eustachio
  5246 | D:5      | Found a transporter.
  5263 | D:5      | Found a transporter.
  5493 | D:6      | Reached ** piety under Dithmenos
  5798 | D:6      | Reached XP level 9. HP: 59/69 MP: 14/14
  6634 | D:7      | Reached skill level 10 in Crossbows
  6766 | D:7      | Found a hide-covered altar of Uskayaw.
  6828 | D:7      | Reached skill level 5 in Air Magic
  6946 | D:7      | Reached skill level 5 in Slings
  6952 | D:7      | Got a pair of blackened gloves
  6953 | D:7      | Identified the +2 pair of gloves of Lugonu's Generosity {-Cast Str+7 Dex-2 Slay+2} (You found it on level 7 of the Dungeon)
  7337 | D:7      | Reached skill level 5 in Spellcasting
  7483 | D:8      | Noticed a two-headed ogre
  7490 | D:8      | Killed a two-headed ogre
  7490 | D:8      | Reached skill level 5 in Polearms
  7490 | D:8      | Reached skill level 5 in Staves
  7490 | D:8      | Reached skill level 5 in Stealth
  7560 | D:8      | Noticed Pikel
  7571 | D:8      | Killed Pikel
  7571 | D:8      | Reached skill level 5 in Armour
  7571 | D:8      | Reached XP level 10. HP: 64/76 MP: 18/18
  7619 | D:8      | Noticed Goblin1989's ghost (novice GnGl)
  7661 | D:8      | Killed Goblin1989's ghost
  7661 | D:8      | Reached *** piety under Dithmenos
  7661 | D:8      | Reached skill level 5 in Maces & Flails
  7661 | D:8      | Reached skill level 5 in Bows
  7661 | D:8      | Reached skill level 5 in Conjurations
  7661 | D:8      | Reached skill level 5 in Summonings
  7661 | D:8      | Reached skill level 5 in Fire Magic
  7661 | D:8      | Reached skill level 5 in Invocations
  7783 | D:8      | Noticed a two-headed ogre
  7793 | D:8      | Killed a two-headed ogre
  7793 | D:8      | Reached skill level 5 in Charms
  7793 | D:8      | Reached skill level 5 in Ice Magic
  7810 | D:8      | Reached skill level 5 in Poison Magic
  8107 | D:8      | Reached skill level 5 in Evocations
  8119 | D:8      | Reached skill level 5 in Transmutations
  8124 | D:8      | Reached skill level 5 in Short Blades
  8484 | D:8      | Reached skill level 5 in Translocations
  8511 | D:8      | Reached skill level 5 in Axes
  8685 | D:8      | Reached skill level 5 in Long Blades
  8972 | D:9      | Found a burning altar of Makhleb.
  8972 | D:9      | Noticed a blizzard demon
  8976 | D:9      | Reached skill level 5 in Unarmed Combat
  9033 | D:9      | Noticed an orange demon
  9033 | D:9      | Noticed an orange demon
  9070 | D:9      | Reached skill level 5 in Shields
  9122 | D:9      | Reached XP level 11. HP: 70/83 MP: 19/19
  9182 | D:9      | Found a staircase to the Lair.
  9299 | D:9      | Noticed a two-headed ogre
  9306 | D:9      | Killed a two-headed ogre
  9306 | D:9      | Reached **** piety under Dithmenos
  9306 | D:9      | Reached skill level 5 in Hexes
  9385 | D:9      | Noticed a two-headed ogre
  9393 | D:9      | Killed a two-headed ogre
  9393 | D:9      | Reached skill level 5 in Necromancy
  9393 | D:9      | Reached skill level 5 in Earth Magic
  9575 | D:9      | Reached skill level 5 in Throwing
  9825 | D:10     | Entered Level 10 of the Dungeon
  9845 | D:10     | Noticed Maldoror's ghost (journeyman GnWn)
  9869 | D:10     | Killed Maldoror's ghost
 10018 | D:10     | Noticed a two-headed ogre
 10025 | D:10     | Killed a two-headed ogre
 10139 | D:10     | Learned a level 5 spell: Summon Mana Viper
 10508 | D:10     | Noticed a two-headed ogre
 10516 | D:10     | Killed a two-headed ogre
 10816 | D:11     | Reached skill level 11 in Crossbows
 11047 | D:11     | Reached ***** piety under Dithmenos
 11077 | D:11     | Learned a level 5 spell: Yara's Violent Unravelling
 11111 | D:11     | Reached XP level 12. HP: 93/93 MP: 21/21
 11238 | D:11     | Noticed a seven-headed hydra
 11538 | Lair:1   | Entered Level 1 of the Lair of Beasts
 11674 | Lair:1   | Noticed an eight-headed hydra
 11687 | Lair:1   | Killed an eight-headed hydra
 11699 | Lair:1   | Found a dark tunnel.
 11726 | Volcano  | Entered a volcano
 11945 | Volcano  | Noticed a hell knight
 11966 | Volcano  | HP: 4/94 [something (2)]
 13152 | Lair:2   | Noticed Erica
 13163 | Lair:2   | Killed Erica
 13333 | Lair:2   | Noticed a five-headed hydra
 13344 | Lair:2   | Killed a five-headed hydra
 13367 | Lair:2   | Noticed Urug
 13711 | Lair:2   | Noticed Harold
 13722 | Lair:2   | Killed Harold
 13723 | Lair:2   | Found a hole to the Spider Nest.
 13744 | Lair:2   | Noticed minicreteconcrete's ghost (adept GnFE)
 13773 | Lair:2   | Identified a scroll of acquirement
 13775 | Lair:2   | Got a brightly glowing arbalest
 13781 | Lair:2   | Identified the +3 arbalest of the Sky {speed, +Blink Str+3 Dex+3 Stlth+} (You acquired it on level 2 of the Lair of Beasts)
 14780 | Lair:2   | HP: 6/142 [Urug/enchanted scimitar (6)]
 14782 | Lair:2   | Slain by Urug

Vault maps used:
D:1:      tarquinn_simple_flora_water_d
D:4:      serial_shops, shop, uniq_blork_the_orc
D:5:      gammafunk_steamed_eel, minmay_temple_entry_hall,
          cheibrodos_sewer_entry_bend, first_bread, enter_ossuary_2,
          minmay_strange_pillars, uniq_eustachio
D:7:      lemuel_crystal_altar
D:8:      blue_anna_alchemist, uniq_pikel
D:9:      due_lair_maze_entry_diamond, makhleb_altar_promises_db
D:10:     grunt_decor_resistance
D:11:     hex_intersection, minivault_16
Temple:   nicolae_temple_the_god_donut
Lair:1:   nicolae_volcano_entry_hallway
Lair:2:   spider_nest_entry_webs, beast_lair_carwin_9, grunt_megastairs_4,
          uniq_erica, uniq_urug, uniq_harold
Ossuary:  minmay_ossuary_two_tombs
Volcano:  volcano_pools

Skill      XL: |  1  2  3  4  5  6  7  8  9 10 11 12 |
---------------+-------------------------------------+-----
Conjurations   | 1 2 3 4 5 7 8 |  8.0
Polearms       | 1 2 3 5 6 7 |  7.4
Invocations    | 1 2 3 4 5 7 8 |  8.0
Evocations     | 1 2 3 4 5 6 |  6.7
Armour         | 1 2 3 5 6 |  6.8
Long Blades    | 1 2 4 5 6 |  6.0
Slings         | 1 2 3 4 5 6 7 |  7.7
Bows           | 1 2 4 5 6 7 |  7.0
Summonings     | 1 2 3 4 5 6 |  6.4
Axes           | 1 2 4 5 6 |  6.4
Fire Magic     | 1 2 3 4 6 7 8 |  8.0
Dodging        | 5 6 7 8 |  8.1
Unarmed Combat | 1 2 3 4 5 6 |  6.7
Spellcasting   | 1 2 3 5 6 7 |  7.5
Charms         | 1 2 3 4 5 6 7 |  7.5
Translocations | 1 2 4 5 6 |  6.4
Hexes          | 1 2 3 4 6 7 |  7.0
Short Blades   | 1 2 3 4 5 6 |  6.7
Maces & Flails | 1 2 3 4 5 6 7 |  7.8
Poison Magic   | 1 2 3 4 5 6 7 |  7.0
Air Magic      | 1 2 3 4 5 6 7 8 |  8.2
Staves         | 1 2 3 5 6 7 |  7.4
Stealth        | 3 4 5 6 7 |  7.5
Earth Magic    | 1 2 4 6 |  6.8
Fighting       | 5 6 8 9 |  9.0
Transmutations | 1 2 3 4 5 6 7 |  7.2
Ice Magic      | 1 3 4 5 6 7 |  7.1
Crossbows      | 9 10 11 | 11.3
Shields        | 1 2 3 4 5 6 |  6.3
Throwing       | 2 3 4 5 6 |  6.4
Necromancy     | 1 2 4 5 7 |  7.1

Action                   |  1- 3 |  4- 6 |  7- 9 | 10-12 || total
-------------------------+-------+-------+-------+-------++-------
Melee: Short sword       |    10 |    44 |       |    16 ||    70
       Bite              |     3 |     2 |       |    24 ||    29
       Trident           |       |       |       |    89 ||    89
       Punch             |       |       |       |     4 ||     4
       Hand crossbow     |       |       |       |     1 ||     1
 Fire: Hand crossbow     |    58 |   105 |   383 |   519 ||  1065
       Arbalest          |       |       |       |     8 ||     8
Throw: Throwing net      |       |       |       |     1 ||     1
 Cast: Summon Mana Viper |       |       |       |     3 ||     3
       Yara's Violent Un |       |       |       |     2 ||     2
Evoke: Wand              |       |       |       |     3 ||     3
  Use: Scroll            |     5 |     3 |    11 |    17 ||    36
       Potion            |     3 |     3 |     7 |     5 ||    18
 Stab: Sleeping          |       |     3 |       |       ||     3
       Distracted        |       |       |       |     1 ||     1
  Eat: Bread ration      |       |     1 |     2 |     4 ||     7
       Chunk             |       |     2 |     2 |     6 ||    10
       Royal jelly       |       |       |     1 |     3 ||     4
Armor: Leather armour    |     7 |    16 |    30 |    67 ||   120
       Skin              |       |       |       |     7 ||     7
       Troll leather arm |       |       |       |     9 ||     9
Dodge: Dodged            |    25 |    65 |   148 |   255 ||   493
Block: Buckler           |       |       |       |    23 ||    23

Table legend:
 A = Spawn XP
 B = Non-spawn XP
 C = Spawn XP percentage of total XP
 D = Spawn monster count
 E = Non-spawn monster count
 F = Spawn count percentage of total count
 G = Total turns spent on level
                    A         B        C        D         E        F      G
               +---------+---------+-------+---------+---------+-------+---------
         Total |       0 |   28002 |   0.0 |       0 |     353 |   0.0 | 14782
               +---------+---------+-------+---------+---------+-------+---------
           D:1 |       0 |      36 |   0.0 |       0 |      16 |   0.0 |   859
           D:2 |       0 |     192 |   0.0 |       0 |      37 |   0.0 |  1096
           D:3 |       0 |     125 |   0.0 |       0 |      39 |   0.0 |  1104
           D:4 |       0 |     639 |   0.0 |       0 |      24 |   0.0 |   779
           D:5 |       0 |     383 |   0.0 |       0 |      11 |   0.0 |   912
           D:6 |       0 |     635 |   0.0 |       0 |      10 |   0.0 |  1151
           D:7 |       0 |    1064 |   0.0 |       0 |      35 |   0.0 |   870
           D:8 |       0 |    4258 |   0.0 |       0 |      28 |   0.0 |  1640
           D:9 |       0 |    4880 |   0.0 |       0 |      45 |   0.0 |  1151
          D:10 |       0 |    4535 |   0.0 |       0 |      29 |   0.0 |   878
          D:11 |       0 |    2360 |   0.0 |       0 |      15 |   0.0 |   817
        Lair:1 |       0 |    2232 |   0.0 |       0 |       9 |   0.0 |  1823
        Lair:2 |       0 |    4222 |   0.0 |       0 |      11 |   0.0 |   783
       Ossuary |       0 |     561 |   0.0 |       0 |      39 |   0.0 |   387
       Volcano |       0 |    1880 |   0.0 |       0 |       5 |   0.0 |   251
               +---------+---------+-------+---------+---------+-------+---------
